cohdb
Replays
Latest Replays
All Replays
Popular Replays
Top Player Replays
Match Explorer
How It Works
Community
CoH3 Stats
Reddit
Sign in to upload your games and track your stats! →
Sign in with Steam
Match 42574586
Unlisted
Match 42574586
Overview
Messages
Build Orders
End
Construct Weapon Support Center
Engineer Squad
M1919 Machine Gun Team
M1919 Machine Gun Team
Bazooka Squad
Engineer Squad
Mortar Pit
Air Support Center
M1919 Machine Gun Team
Grasshopper Recon Run
P-47 Dive Bomb
Construct Motor Pool
Double Sortie
P-47 Strafing Run
Crow
Flankenheinz
PMC
.
Azusa
Eilte
ForestJun
❤杂鱼大哥哥不会打不过游骑吧~❤
0
0
Comments
sign in to comment!
No comments posted yet!